 Dungeon Crawl Stone Soup version bcrawl-1.27.3 (webtiles) character file.

Game seed: 11459807459305230249

118071 Faustar the Slasher (level 5, -8/33 HPs)
             Began as an Avariel Reaver on Aug 9, 2020.
             Was a Follower of Vehumet.
             Killed by divine providence
             ... invoked by an orc priest
              (12 damage)
             ... on level 4 of the Dungeon.
             The game lasted 00:06:36 (3019 turns).

Faustar the Slasher (Avariel Reaver)                Turns: 3019, Time: 00:06:36

Health: -8/33      AC:  7    Str: 10    XL:     5   Next: 22%
Magic:  12/12      EV: 13    Int: 20    God:    Vehumet [*.....]
Gold:   233        SH:  1    Dex: 11    Spells: 10/11 levels left

rFire    . . .     SeeInvis .   a - +0 long sword
rCold    . . .     Gourm    .   (no shield)
rNeg     . . .     Faith    .   b - +0 steam dragon scales
rPois    .         Spirit   .   (no helmet)
rElec    .         Reflect  .   (no cloak)
rCorr    .         Harm     .   (no gloves)
MR       .....                  (no boots)
Stlth    +.........             (no amulet)
HPRegen  0.11/turn              m - +2 ring of protection
MPRegen  0.13/turn              (no ring)

@: no status effects
A: no striking features
a: Renounce Religion


You were on level 4 of the Dungeon.
You worshipped Vehumet.
Vehumet was aware of your devotion.
You were near starving.

You visited 1 branch of the dungeon, and saw 4 of its levels.

You collected 233 gold pieces.

Inventory:

Hand Weapons
 a - a +0 long sword (weapon)
Armour
 b - +0 steam dragon scales (worn)
 j - a +0 scale mail
Jewellery
 m - a +2 ring of protection (left hand)
 r - an uncursed amulet of regeneration {unknown}
Scrolls
 d - a scroll of immolation
 g - 7 scrolls of identify
 h - a scroll of magic mapping {unknown}
 k - 2 scrolls of fog {unknown}
 l - a scroll of teleportation {unknown}
 o - a scroll of amnesia {unknown}
Potions
 c - 2 potions of haste
 f - 3 potions of lignification {unknown}
 i - a potion of ambrosia {unknown}
 n - a potion of heal wounds {unknown}
 p - 2 potions of cancellation {unknown}
 q - 2 potions of brilliance {unknown}
Comestibles
 e - 9 rations {!d}


   Skills:
 - Level 3.6 Fighting
 - Level 4.2 Long Blades
 - Level 3.5 Dodging
 + Level 3.6 Spellcasting
 + Level 2.4 Conjurations


You had 10 spell levels left.
You knew the following spells:

 Your Spells              Type           Power        Failure   Level  Hunger
a - Flame Tongue          Conj/Fire      #....        2%          1    None

Your spell library contained the following spells:

 Spells                   Type           Power        Failure   Level  Hunger
 Iskenderun's Battlesphe  Conj/Chrm      #.......     47%         5    ######.


Dungeon Overview and Level Annotations

Branches:
Dungeon (4/12)
 Temple: D:4-7

Altars:
Hepliaklqana
Kikubaaqudgha
Qazlal

Annotations:
D:2 Sigmund


Message History

Beogh smites you!
You are near starving!
You closely miss the orc priest. The orc hits you but does no damage.
You barely miss the orc priest. The orc misses you.
The orc priest calls down the wrath of Beogh upon you.
Beogh smites you!
* * * LOW HITPOINT WARNING * * *
You hit the orc priest.
The orc priest is heavily wounded.
The orc hits you but does no damage.
The orc priest hits you but does no damage.
You closely miss the orc priest.
The orc priest is heavily wounded.
The orc closely misses you. The orc priest misses you.
You hit the orc priest.
The orc priest is severely wounded.
The orc misses you.
The orc priest calls down the wrath of Beogh upon you.
Beogh smites you!
You die...

########...##..######
#.....#.......#
#.....#.......#
#.....#.......#
#.....#.......#
##...##..##...#
######..##...#
#...)....# #...o@o..#
##..##...# ##..####'#
.........#
..........#
..........o#
#####+####'# #..#
#..#


You could see an orc priest and an orc.

Vanquished Creatures
  An orc wizard (D:4)
  4 adders (D:3)
  An ooze (D:3)
  4 worms
  3 leopard geckos
  3 orcs
  5 giant cockroaches
  3 goblins
  8 hobgoblins
  A jackal (D:3)
  8 kobolds
  3 quokkas
  2 ball pythons (D:1)
  3 bats (D:1)
  A frilled lizard (D:3)
  4 rats
54 creatures vanquished.

Notes
Turn   | Place    | Note
-------+----------+-------------------------------------------
     0 | D:1      | Faustar the Avariel Reaver began the quest for the Orb.
     0 | D:1      | Reached XP level 1. HP: 13/13 MP: 6/6
   159 | D:1      | Reached XP level 2. HP: 14/19 MP: 7/7
   810 | D:2      | Found an ancient bone altar of Kikubaaqudgha.
   853 | D:2      | Noticed Sigmund
  1037 | D:2      | Reached XP level 3. HP: 18/23 MP: 9/9
  1681 | D:3      | Reached * piety under Vehumet
  1681 | D:3      | Offered knowledge of Flame Tongue by Vehumet.
  1768 | D:3      | Learned a level 1 spell: Flame Tongue
  1812 | D:3      | Found a stormy altar of Qazlal.
  1989 | D:3      | Reached XP level 4. HP: 9/29 MP: 8/10
  2090 | D:3      | Reached skill level 4 in Long Blades
  2223 | D:3      | Reached skill level 1 in Conjurations
  2577 | D:3      | Found a hazy altar of Hepliaklqana.
  3009 | D:4      | Reached XP level 5. HP: 30/33 MP: 12/12
  3019 | D:4      | Killed from afar by an orc priest

Skill      XL: |  1  2  3  4 |
---------------+-------------+-----
Fighting       | 3 |  3.6
Long Blades    | 4 |  4.2
Spellcasting   | 3 |  3.6
Conjurations   | 2 |  2.4
Dodging        | |  3.5

Action                   |  1- 3 |  4- 6 || total
-------------------------+-------+-------++-------
Melee: Long sword        |   158 |    78 ||   236
 Cast: Flame Tongue      |     1 |     4 ||     5
 Stab: Sleeping          |     1 |       ||     1
  Eat: Chunk             |     8 |     3 ||    11
Armor: Steam dragon scal |    56 |    23 ||    79
Dodge: Dodged            |   111 |    49 ||   160
Block: Other             |     1 |     1 ||     2
